Map: Ruins of Seras

Players

Deagor - Winner!

  • Race: Protoss Protoss
  • League: Silver

Stalker

  • Race: Protoss Protoss
  • League: Grandmaster

VOD

Have the link to the VOD?

Description

Time

  • Played on: Aug. 25, 2015, 7:10 p.m.
  • Length: 34:49
Show
View Real Time Build Order
Export as new Build Order

Deagor Protoss - Winner!

Build Orders:  

Get SALT Encoding   

  12  0:01  Probe  
  13  0:14  Pylon  
  13  0:18  Probe  
  14  0:30  Probe  
  14  0:34  Gateway  
  16  0:42  Probe  
  16  0:46  Assimilator  
  16  0:51  Assimilator  
  16  0:54  Probe  
  17  1:07  Probe  
  18  1:19  Probe  
  18  1:21  Cybernetics Core  
  18  1:24  Pylon  
  19  1:31  Probe  
  20  1:33  Zealot  
  22  1:43  Probe  
  23  1:55  Probe  
  24  2:10  Probe  
  25  2:17  Warp Gate  
  25  2:32  Mothership Core, Stalker  
  29  2:51  Nexus  
  29  2:58  Probe  
  30  3:08  Robotics Facility  
  30  3:17  Pylon  
  30  3:27  Gateway  
  30  3:30  Gateway  
  30  3:54  Warp Prism  
  30  3:55  Pylon  
  32  4:01  Probe  
  33  4:04  Probe  
  34  4:13  Probe  
  34  4:16  Probe  
  36  4:27  Forge  
  36  4:29  Adept x2  
  36  4:30  Adept  
  42  4:36  Probe x2  
  45  4:38  Observer  
  45  4:48  Probe x2  
  47  5:03  Probe x2  
  49  5:17  Zealot x2  
  49  5:18  Zealot  
  53  5:41  Stalker  
  53  5:42  Stalker x2  
  59  5:43  Probe x2  
  59  5:47  Protoss Ground Weapons Level 1  
  59  6:00  Gateway  
  59  6:02  Gateway  
  59  6:04  Pylon  
  59  6:05  Nexus  
  59  6:07  Pylon  
  59  6:09  Pylon  
  59  6:25  Stalker  
  61  6:26  Zealot x2  
  65  6:35  Probe x2  
  67  6:42  Twilight Council  
  67  6:49  Forge  
  67  6:52  Gateway  
  67  6:53  Pylon  
  67  7:20  Blink  
  67  7:22  Protoss Ground Armor Level 1  
  67  7:26  Probe x2  
  67  7:27  Probe  
  70  7:32  Assimilator  
  70  7:36  Assimilator  
  70  7:39  Stalker x2  
  70  7:41  Stalker  
  70  7:42  Gateway  
  70  7:43  Stalker  
  78  7:44  Gateway  
  78  7:46  Gateway  
  78  7:48  Pylon  
  78  7:50  Pylon  
  78  8:04  Immortal  
  82  8:07  Stalker x3  
  82  8:08  Stalker x2  
  82  8:10  Stalker  
  82  8:11  Probe  
  95  8:13  Probe  
  82  8:44  Zealot x3  
  82  8:45  Zealot x3  
  86  9:03  Probe x3  
  79  9:21  Zealot x6  
  79  9:22  Zealot x3  
  95  9:27  Protoss Ground Armor Level 2  
  95  9:28  Protoss Ground Weapons Level 2  
  95  9:34  Charge  
  95  9:53  Probe x3  
  98  10:02  Stalker x4  
  98  10:03  Stalker  
  98  10:05  Probe  
  98  10:06  Sentry  
  111  10:08  Sentry  
  111  10:21  Zealot  
  111  10:22  Zealot  
  111  10:26  Zealot x3  
  111  10:37  Zealot x3  
  113  10:49  Zealot x2  
  113  10:58  Probe x3  
  98  11:49  Stalker x5  
  98  11:50  Stalker  
  98  11:51  Zealot x3  
  116  11:56  Probe  
  117  12:16  Probe x2, Pylon  
  117  12:18  Probe  
  98  12:33  Zealot x2  
  98  12:34  Zealot x4  
  62  12:59  Stalker x4  
  62  13:00  Zealot x2  
  50  13:19  Zealot  
  47  13:20  Zealot x2  
  49  13:29  Probe x2  
  51  14:02  Stalker x3  
  41  14:21  Stalker x2  
  43  14:26  Probe  
  40  14:37  Stalker  
  42  14:40  Probe  
  43  15:16  Stalker  
  43  15:17  Stalker x3  
  51  15:22  Probe x2  
  53  15:35  Stalker  
  53  15:38  Zealot  
  55  15:48  Stalker  
  57  15:58  Probe x3  
  60  16:10  Probe x3  
  59  16:40  Stargate x2  
  59  16:54  Protoss Ground Weapons Level 3  
  59  16:56  Protoss Air Weapons Level 1  
  59  17:01  Nexus  
  59  17:03  Pylon  
  59  17:22  Nexus  
  49  17:40  Phoenix x2  
  53  17:45  Stalker x2  
  53  17:46  Stalker x2  
  59  17:57  Pylon  
  59  18:08  Phoenix x2  
  63  18:19  Stalker x2  
  67  18:20  Stalker  
  66  18:45  Phoenix x2  
  70  19:10  Phoenix x2  
  72  19:35  Nexus  
  72  19:36  Pylon  
  70  19:39  Pylon  
  70  19:56  Observer  
  68  20:21  Nexus  
  68  20:24  Photon Cannon  
  68  20:27  Photon Cannon  
  68  20:34  Photon Cannon  
  68  20:44  Protoss Ground Armor Level 3  
  68  21:06  Photon Cannon  
  68  21:38  Probe x3  
  68  21:39  Probe  
  72  22:08  Probe  
  72  22:09  Probe x3  
  72  22:14  Pylon  
  76  22:17  Pylon  
  76  22:21  Probe x3  
  79  22:23  Pylon  
  79  22:24  Phoenix x2  
  79  22:26  Zealot x2  
  79  22:27  Zealot x4  
  79  22:28  Zealot x2  
  79  22:29  Zealot  
  99  22:52  Nexus  
  99  22:54  Pylon  
  99  22:55  Pylon  
  97  23:07  Protoss Shields Level 1  
  97  23:16  Photon Cannon  
  97  23:18  Photon Cannon  
  97  23:21  Photon Cannon  
  97  23:22  Stalker x2  
  97  23:24  Photon Cannon  
  97  23:27  Photon Cannon  
  93  23:30  Photon Cannon  
  90  23:36  Stalker x4  
  90  23:40  Probe  
  90  23:41  Probe x3  
  78  24:01  Stalker x4  
  78  24:02  Stalker  
  71  24:27  Assimilator  
  71  24:28  Protoss Air Armor Level 1  
  71  24:31  Assimilator  
  71  24:35  Fleet Beacon  
  71  24:39  Phoenix x2  
  71  24:40  Photon Cannon  
  71  24:43  Photon Cannon  
  75  24:48  Probe x2  
  75  24:49  Probe x2  
  75  24:51  Probe  
  80  25:01  Probe  
  80  25:03  Probe  
  82  25:07  Phoenix, Carrier  
  82  25:08  Pylon  
  82  25:12  Pylon  
  82  25:13  Probe  
  85  25:15  Probe, Pylon  
  87  25:21  Probe x3  
  87  25:25  Probe  
  90  25:33  Probe  
  97  25:41  Stargate  
  97  25:44  Stargate  
  97  25:47  Assimilator  
  97  25:48  Assimilator  
  97  25:50  Assimilator  
  97  25:51  Assimilator  
  97  25:54  Stalker x6  
  109  26:13  Probe x4  
  113  26:24  Stalker  
  113  26:25  Stalker x5  
  121  26:26  Stalker  
  121  26:27  Zealot x2  
  117  26:48  Phoenix x2  
  117  26:51  Stalker x4  
  117  26:53  Zealot  
  131  27:01  Carrier x2  
  125  27:45  Zealot  
  125  27:47  Zealot  
  129  27:51  Photon Cannon  
  129  27:55  Nexus  
  129  27:58  Assimilator  
  129  28:02  Assimilator  
  129  28:06  Pylon  
  124  28:43  Carrier x4  
  124  28:51  Graviton Catapult  
  124  29:02  Probe x3  
  127  29:03  Probe  
  152  29:10  Stalker x5  
  152  29:11  Stalker x3  
  152  29:13  Stalker  
  152  29:14  Probe  
  171  29:18  Observer  
  171  29:21  Protoss Shields Level 2  
  172  29:39  Observer  
  172  29:53  Carrier x4  
  166  30:17  Stalker x2  
  166  30:18  Zealot x3  
  184  31:44  Probe x3  
  184  31:45  Probe, Nexus  
  188  31:49  Assimilator  
  188  31:54  Assimilator  
  188  31:55  Pylon  
  188  31:57  Pylon  
  188  31:59  Pylon  
  188  32:02  Pylon  
  188  32:10  Nexus  
  188  32:13  Pylon  
  188  32:14  Nexus  
  188  32:15  Pylon  
  186  32:17  Pylon  
  186  32:19  Pylon  
  186  32:48  Probe  
  186  32:49  Probe x3  
  184  33:01  Stalker  
  184  33:02  Stalker x4  
  184  33:03  Stalker x3  
  167  33:24  Stalker  
  167  33:26  Stalker x3  
  174  33:27  Stalker x3  
  174  33:30  Probe  
  180  34:10  Probe x2  
  180  34:11  Probe  
  183  34:22  Probe x2  
  185  34:34  Stalker  
  185  34:35  Stalker  
  185  34:36  Stalker  
  185  34:38  Stalker x2  
Show
View Real Time Build Order
Export as new Build Order

Stalker Protoss 

Build Orders:  

Get SALT Encoding   

  12  0:01  Probe  
  13  0:17  Pylon  
  13  0:22  Probe  
  14  0:34  Probe  
  15  0:39  Forge  
  15  0:46  Probe  
  16  0:58  Probe  
  17  1:10  Probe  
  18  1:41  Pylon  
  18  2:01  Photon Cannon  
  18  2:38  Photon Cannon  
  18  2:47  Gateway  
  18  2:51  Assimilator  
  18  2:56  Assimilator  
  18  2:59  Pylon  
  18  3:04  Nexus  
  18  3:06  Pylon  
  18  3:08  Pylon  
  18  3:11  Probe  
  19  3:24  Probe  
  20  3:31  Photon Cannon  
  20  3:35  Cybernetics Core  
  20  3:44  Photon Cannon  
  20  3:45  Photon Cannon  
  20  3:54  Probe  
  21  4:06  Probe  
  22  4:11  Pylon  
  22  4:17  Probe  
  23  4:20  Mothership Core  
  25  4:29  Probe  
  26  4:32  Twilight Council  
  26  4:39  Photon Cannon  
  26  4:41  Probe  
  26  4:44  Photon Cannon  
  27  4:53  Probe  
  28  5:05  Probe  
  29  5:12  Photon Cannon  
  29  5:13  Photon Cannon  
  29  5:17  Probe  
  29  5:18  Pylon  
  30  5:23  Warp Gate  
  30  5:29  Probe  
  31  5:44  Photon Cannon  
  31  5:48  Photon Cannon  
  31  5:52  Gateway  
  31  5:55  Gateway  
  31  5:59  Gateway  
  31  6:02  Gateway, Charge  
  31  6:21  Protoss Ground Weapons Level 1  
  31  6:31  Probe  
  32  6:43  Probe  
  33  6:49  Assimilator  
  33  6:51  Assimilator  
  33  6:56  Probe  
  34  7:02  Zealot x2  
  34  7:03  Zealot x2  
  34  7:08  Probe  
  43  7:10  Nexus  
  43  7:20  Probe  
  44  7:29  Zealot x2  
  48  7:30  Zealot x2  
  51  8:02  Zealot  
  53  8:08  Zealot x3  
  53  8:09  Zealot  
  61  8:15  Protoss Ground Armor Level 1  
  61  8:30  Zealot x5  
  45  8:56  Zealot x5  
  53  9:07  Probe  
  48  9:17  Gateway x2  
  48  9:19  Probe  
  48  9:20  Gateway  
  48  9:21  Gateway  
  37  9:24  Zealot x4  
  37  9:25  Zealot  
  47  9:31  Probe  
  48  9:44  Probe  
  49  9:47  Zealot x5  
  59  9:56  Probe  
  60  10:27  Pylon  
  60  10:30  Pylon  
  60  10:32  Pylon  
  40  11:13  Stargate x2  
  40  11:15  Stargate  
  40  11:18  Stargate  
  40  11:20  Pylon  
  40  11:22  Pylon  
  40  11:25  Assimilator  
  40  11:29  Assimilator  
  40  11:36  Zealot  
  40  11:37  Zealot x4  
  50  11:52  Photon Cannon  
  50  12:00  Pylon  
  50  12:01  Void Ray x4  
  50  12:06  Zealot x2  
  50  12:07  Zealot x2  
  44  13:20  Pylon x2  
  30  14:24  Nexus  
  30  14:27  Pylon  
  30  14:28  Pylon  
  30  14:30  Pylon  
  30  14:47  Pylon  
  30  14:50  Pylon  
  30  14:55  Pylon  
  30  14:58  Dark Shrine  
  30  15:10  Forge  
  30  15:12  Zealot x4  
  38  15:22  Void Ray x4  
  54  15:49  Photon Cannon  
  54  15:50  Photon Cannon  
  54  15:52  Photon Cannon  
  54  15:54  Probe, Photon Cannon x2  
  55  15:57  Photon Cannon  
  55  16:05  Void Ray  
  55  16:06  Probe  
  61  16:18  Probe  
  57  16:28  Dark Templar x4  
  57  16:30  Probe  
  62  16:42  Probe  
  63  17:01  Zealot  
  63  17:02  Zealot x3  
  63  17:07  Probe  
  72  17:19  Probe  
  73  17:31  Probe  
  70  17:43  Probe  
  71  17:50  Void Ray x2  
  79  17:55  Probe  
  80  17:59  Assimilator  
  80  18:04  Probe, Assimilator  
  81  18:08  Probe  
  82  18:16  Probe  
  83  18:20  Probe  
  83  18:21  Void Ray  
  88  18:29  Probe  
  88  18:32  Probe  
  90  18:41  Probe  
  83  18:44  Probe  
  83  18:45  Zealot x4  
  92  18:53  Probe  
  85  19:16  Zealot x4  
  85  19:31  Void Ray x3  
  97  19:42  Zealot x4  
  91  20:26  Void Ray x2  
  99  20:39  Nexus  
  99  20:50  Void Ray  
  103  21:15  Pylon  
  99  21:41  Photon Cannon  
  99  21:43  Photon Cannon  
  99  21:46  Photon Cannon  
  99  21:49  Photon Cannon  
  99  21:51  Photon Cannon  
  99  21:52  Pylon  
  99  21:56  Pylon  
  99  22:05  Dark Templar x4  
  107  22:25  Void Ray x2  
  107  22:29  Void Ray  
  103  22:45  Assimilator  
  103  22:50  Assimilator  
  103  22:52  Photon Cannon x2  
  67  24:10  Zealot x3  
  67  24:11  Zealot  
  63  24:18  Void Ray x2  
  63  24:19  Void Ray x2  
  79  24:37  Zealot x3  
  79  24:38  Zealot  
  87  24:58  Cybernetics Core  
  87  25:11  Zealot x4  
  95  25:31  Nexus  
  95  25:37  Pylon  
  95  25:39  Void Ray  
  95  25:40  Pylon  
  99  25:43  Protoss Air Weapons Level 1  
  99  25:51  Stalker  
  99  25:55  Void Ray x2  
  109  25:57  Void Ray  
  109  26:00  Pylon  
  109  26:01  Pylon  
  109  26:03  Stalker x2  
  117  26:22  Photon Cannon  
  117  26:25  Photon Cannon  
  117  26:28  Photon Cannon  
  117  26:30  Photon Cannon  
  61  28:05  Gateway  
  61  28:08  Gateway  
  61  28:15  Zealot x4  
  42  28:38  Probe  
  43  28:50  Probe, Zealot  
  43  28:51  Zealot x3  
  50  28:58  Void Ray  
  50  28:59  Void Ray x3  
  66  29:02  Probe  
  67  29:12  Zealot x4  
  67  29:15  Probe  
  76  29:26  Stalker x2  
  76  29:27  Probe  
  81  29:41  Void Ray x2  
  81  29:42  Void Ray x2  
  97  29:56  Zealot x5  
  97  29:57  Zealot  
  93  30:20  Stalker x3  
  93  30:21  Stalker  
  61  31:27  Void Ray x3  
  73  31:36  Probe  
  74  31:48  Probe  
  73  31:58  Stalker x2  
  73  32:00  Probe  
  78  32:12  Stalker, Probe  
  78  32:13  Stalker  
Tags
 
Add a new tag
Caveats
  • Supply blocks, unpowered buildings, or Contaminate may cause inaccurate times.
  • Supply counts are checked every 10 seconds.